 Dungeon Crawl Stone Soup version 0.30.0-29-ga12c61a403 (webtiles) character file.

Game seed: 6488751926244218343

3042 DildoBatman the Digger (level 10, -1/100 (111) HPs)
             Began as a Formicid Conjurer on June 11, 2023.
             Was a Believer of Kikubaaqudgha.
             Slain by Amaemon
             ... wielding a +0 demon whip of venom
              (9 damage)
             ... on level 8 of the Dungeon.
             The game lasted 00:26:39 (6562 turns).

DildoBatman the Digger (Formicid Conjurer)          Turns: 6562, Time: 00:26:40

HP:   -1/100 (111)  AC: 25    Str: 12    XL:     10   Next: 11%
MP:   0/28          EV:  2    Int: 22    God:    Kikubaaqudgha [**....]
Gold: 379           SH:  0    Dex: 21    Spells: 10/21 levels left

rFire   . . .        b - +3 hand axe "Sarcophage" {drain, Dex+3}
rCold   . . .        (no shield)
rNeg    . . .        d - melded +0 leather armour {Will+}
rPois   +            (helmet unavailable)
rElec   .            D - melded +0 cloak
rCorr   .            (gloves currently unavailable)
SInv    .            (boots currently unavailable)
Will    +....        r - amulet of regeneration
Stlth   +++          C - +6 ring of dexterity
HPRegen 1.16/turn    A - ring of magical power
MPRegen 0.21/turn

%: no passive effects
@: lethally poisoned (-1 -> -1), tree-form, drained
A: stationary, stasis, torment immunity, boosted hp, permanent stasis, dig
shafts and tunnels, (antennae 3), four strong arms
a: Renounce Religion, Unearth Wretches


You were on level 8 of the Dungeon.
You worshipped Kikubaaqudgha.
Kikubaaqudgha was pleased with you.
You were a tree.
You visited 2 branches of the dungeon, and saw 9 of its levels.

You collected 379 gold pieces.

Inventory:

Hand Weapons
 a - a +2 heavy shortbow
 b - the +3 hand axe "Sarcophage" (weapon) {drain, Dex+3}
   (You took it off an orc warrior on level 4 of the Dungeon)

   Dex:       It affects your dexterity (+3).
 c - a +1 dagger of electrocution
 K - a +0 long sword of flaming
Missiles
 q - 6 curare-tipped darts
 J - 21 poisoned darts
Armour
 d - a +0 leather armour of willpower (melded)
 D - a +0 cloak (melded)
 L - +0 swamp dragon scales
Magical Staves
 t - a staff of earth
 y - a staff of fire
 E - a staff of poison
Jewellery
 g - an amulet of reflection
 m - a ring of fire
 r - an amulet of regeneration (around neck)
 s - a ring of wizardry
 z - a ring of ice
 A - a ring of magical power (right branch)
 C - a +6 ring of dexterity (left branch)
 M - a ring of protection from fire
Wands
 n - a wand of flame (40)
Scrolls
 e - 2 scrolls of blinking {unknown}
 h - 8 scrolls of identify {unknown}
 j - 3 scrolls of magic mapping {unknown}
 k - 4 scrolls of teleportation {unknown}
 o - 2 scrolls of noise {unknown}
 u - a scroll of poison {unknown}
 x - a scroll of fog {unknown}
 F - a scroll of torment {unknown}
 G - a scroll of amnesia {unknown}
 N - a scroll of acquirement {unknown}
Potions
 f - 2 potions of flight {unknown}
 i - 2 potions of curing
 l - a potion of cancellation {unknown}
 p - 2 potions of resistance {unknown}
 v - a potion of mutation {unknown}
 w - a potion of heal wounds {unknown}
 B - 2 potions of lignification
 H - a potion of invisibility
 I - 2 potions of magic
 O - a potion of might {unknown}
 P - a potion of haste {unknown}


   Skills:
 - Level 5.0 Fighting
 - Level 5.0 Armour
 - Level 3.0 Dodging
 - Level 3.0 Stealth
 * Level 6.2 Spellcasting
 - Level 6.0 Conjurations
 * Level 0.4 Necromancy
 - Level 3.0 Air Magic
 * Level 6.6 Earth Magic
 - Level 5.0 Poison Magic


You had 10 spell levels left.
You knew the following spells:

 Your Spells              Type           Power      Damage    Failure   Level
a - Searing Ray           Conj           66%        2d6       1%          2
b - Stone Arrow           Conj/Erth      68%        3d11      1%          3
c - Magic Dart            Conj           100%       1d8       1%          1
e - Mephitic Cloud        Conj/Pois/Air  27%        N/A       4%          3
z - Sublimation of Blood  Necr           8%         N/A       12%         2

Your spell library contained the following spells:

 Spells                   Type           Power      Damage    Failure   Level
 Shock                    Conj/Air       100%       1d9       1%          1
 Cigotuvi's Dreadful Rot  Necr/Pois/Air  38%        N/A       4%          2
 Necrotise                Necr           32%        1d5       8%          1
 Dazzling Flash           Conj/Hex       40%        N/A       8%          3
 Hailstorm                Conj/Ice       20%        3d6       8%          3
 Olgreb's Toxic Radiance  Pois           28%        N/A       12%         4
 Call Imp                 Summ           12%        N/A       14%         2
 Animate Armour           Summ/Erth      42%        N/A       22%         4
 Volatile Blastmotes      Fire/Tloc      12%        2d11      26%         3
 Airstrike                Air            10%        2d(2-18)  26%         4
 Fulminant Prism          Conj/Hex       10%        3d8       26%         4
 Iskenderun's Mystic Bla  Conj/Tloc      20%        2d6       26%         4
 Animate Dead             Necr           8%         N/A       58%         4
 Ice Form                 Ice/Tmut       6%         N/A       65%         4
 Starburst                Conj/Fire      10%        6d5       99%         6
 Simulacrum               Ice/Necr       3%         N/A       100%        6
 Discord                  Hex            3%         N/A       100%        8
 Ignition                 Fire           3%         3d4       100%        8
 Lehudib's Crystal Spear  Conj/Erth      17%        10d5      100%        8
 Swiftness                Air            Unusable   N/A       N/A         3

Dungeon Overview and Level Annotations

Branches:
Dungeon (8/15)             Temple (1/1) D:4            Lair (0/5) D:8

Altars:
Ashenzari
Cheibriados
Dithmenos
Elyvilon
Fedhas
Gozag
Kikubaaqudgha
Makhleb
Nemelex Xobeh
Okawaru
Qazlal
Ru
Sif Muna
Trog
Uskayaw
Vehumet
Wu Jian
Xom
Yredelemnul
Zin
The Shining One

Shops:
D:2 (

Annotations:
D:8 Amaemon


Innate Abilities, Weirdness & Mutations

You are a tree.
Your roots penetrate the ground, keeping you stationary.
You cannot be teleported.
You are immune to unholy pain and torment.
Your maximum health is greatly increased.
Your equipment is partially melded.
You cannot be hasted, slowed, berserked, paralysed or teleported.
You can dig through walls and to a lower floor.
((You have a pair of large antennae on your head. (SInv)))
Your four strong arms can wield two-handed weapons with a shield.


Message History

Amaemon tail-slaps you.
Casting: Stone Arrow (dangerous; 2% risk of failure)
Confirm with . or Enter, or press ? or * to list all spells.
Aiming: Stone Arrow (dangerous; 2% risk of failure)
Press: ? - help, Shift-Dir - straight line, f/p - Amaemon
Aim: Amaemon, wielding a +0 demon whip of venom and carrying a wand of iceblast (12) (heavily wounded, 67% to hit)
The stone arrow hits Amaemon!
Amaemon is severely wounded.
You feel sick.
Amaemon hits you with a +0 demon whip of venom!
You are lethally poisoned!
Amaemon closely misses you. x2
It was a potion of lignification.
You turn into a tree.
Your +0 cloak melds into your body.
Your +0 leather armour of willpower melds into your body.
You feel less strong-willed.
Your roots penetrate the ground.
You feel very sick.
The scorpion no longer looks unusually toxic.
Amaemon barely misses you. Amaemon claws you.
Amaemon tail-slaps you but does no damage.
It was a potion of curing.
You feel better. Amaemon hits you but does no damage.
You are poisoned.
Amaemon claws you but does no damage. Amaemon completely misses you.
Casting: Stone Arrow (safe; 1% risk of failure)
Confirm with . or Enter, or press ? or * to list all spells.
Aiming: Stone Arrow (safe; 1% risk of failure)
Press: ? - help, Shift-Dir - straight line, f/p - Amaemon
Aim: Amaemon, wielding a +0 demon whip of venom and carrying a wand of iceblast (12) (severely wounded, 67% to hit)
The stone arrow hits Amaemon!!
Amaemon is almost dead.
You feel sick.
Amaemon hits you with a +0 demon whip of venom!
You die...
Kikubaaqudgha rasps: "You have failed me!
Welcome... death!"

#.....##.##.#.###.###.#.#
##..........#6#
#..##...##### ##.).......#.#
#...........#
###.........#.#
#...)###....#
..).....[...#.# #.#...≈...#
.##...##.##.#.# ##.[#...#..#
.#........#.#.# #.##...##.#
.##########.#.####.....P...#
............#.s6♣#≈{..>...≈#
##################.........#
#.##..{##.# #..#...# .#
.#...≈... . #. ..###... 4
#.... ... { #.## ..!. #.
.....


You could see Amaemon and a scorpion (summoned).

Vanquished Creatures
  Maggie (D:7)
  A vampire (D:7)
  A steam dragon (D:6)
  An orc warrior (D:4)
  A sky beast (D:7)
  2 ice beasts (D:6)
  3 ogres
  A black bear (D:6)
  A centaur (D:6)
  A kobold brigand (D:7)
  2 bullfrogs
  A gnoll sergeant (D:5)
  A scorpion (D:6)
  12 wights
  3 killer bees (D:8)
  4 hounds
  A jelly (D:5)
  5 orc priests
  An iguana (D:4)
  4 sleepcaps
  An orc wizard (D:4)
  3 gnolls (D:5)
  7 adders
  A shadow imp (D:7)
  2 white imps
  3 worms (D:2)
  A dart slug (D:2)
  5 orcs
  4 endoplasms
  A giant cockroach (D:1)
  3 goblins (D:1)
  9 hobgoblins
  2 jackals (D:1)
  14 kobolds
  A quokka (D:3)
  6 ball pythons
  4 bats
  4 frilled lizards
  3 rats
121 creatures vanquished.

Notes
Turn   | Place    | Note
-------+----------+-------------------------------------------
     0 | D:1      | DildoBatman the Formicid Conjurer began the quest for the
                  | Orb.
     0 | D:1      | Reached XP level 1. HP: 13/13 MP: 3/3
   193 | D:1      | Reached XP level 2. HP: 16/19 MP: 0/5
   196 | D:1      | Learned a level 2 spell: Searing Ray
   526 | D:1      | Reached XP level 3. HP: 25/25 MP: 1/6
   608 | D:1      | Found a faded altar of an unknown god.
   677 | D:1      | Reached skill level 1 in Armour
   787 | D:1      | Reached skill level 1 in Fighting
  1034 | D:2      | Found Doyst's Weapon Emporium.
  1197 | D:2      | Reached XP level 4. HP: 32/32 MP: 5/7
  1442 | D:2      | Found a shadowy altar of Dithmenos.
  2264 | D:4      | Reached XP level 5. HP: 37/37 MP: 4/9
  2271 | D:4      | Learned a level 3 spell: Stone Arrow
  2272 | D:4      | Found a staircase to the Ecumenical Temple.
  2280 | Temple   | Entered the Ecumenical Temple
  2668 | Temple   | Became a worshipper of Kikubaaqudgha
  2716 | D:4      | Noticed an ogre
  2858 | D:4      | Reached skill level 1 in Earth Magic
  3006 | D:4      | Noticed an orc warrior
  3081 | D:4      | Reached XP level 6. HP: 32/44 MP: 3/10
  3273 | D:4      | Identified the +3 hand axe "Sarcophage" {drain, Dex+3}
  3360 | D:5      | Entered Level 5 of the Dungeon
  3644 | D:5      | Learned a level 3 spell: Mephitic Cloud
  4007 | D:5      | Reached XP level 7. HP: 51/51 MP: 12/12
  4201 | D:6      | Reached skill level 1 in Poison Magic
  4361 | D:6      | Reached skill level 1 in Air Magic
  4534 | D:6      | Reached XP level 8. HP: 58/58 MP: 13/13
  4786 | D:6      | Reached skill level 5 in Conjurations
  5259 | D:4      | Reached XP level 9. HP: 44/65 MP: 13/15
  5505 | D:7      | Noticed Maggie
  5683 | D:7      | Reached * piety under Kikubaaqudgha
  5683 | D:7      | Received a gift from Kikubaaqudgha
  5806 | D:7      | Killed Maggie
  5807 | D:7      | Reached skill level 5 in Spellcasting
  5853 | D:7      | Reached skill level 5 in Armour
  5853 | D:7      | Reached skill level 5 in Earth Magic
  5853 | D:7      | Reached skill level 5 in Poison Magic
  5917 | D:7      | Reached skill level 5 in Fighting
  6184 | D:8      | Learned a level 2 spell: Sublimation of Blood
  6313 | D:8      | Reached XP level 10. HP: 17/67 MP: 4/18
  6461 | D:8      | Reached ** piety under Kikubaaqudgha
  6473 | D:8      | Found a staircase to the Lair.
  6479 | D:8      | Noticed an orange demon
  6519 | D:8      | Noticed Amaemon
  6560 | D:8      | HP: 4/100 [poisoned by Amaemon]
  6560 | D:8      | HP: 1/100 [Amaemon/+0 demon whip of venom (3)]
  6562 | D:8      | Slain by Amaemon

Illustrated notes

Levels and vault maps discovered:
D:1:      sevenhm_arrival_forest_fort_small_4, layout_basic,
          dreamdust_ecumenical_altar_hidden_monk_grotto,
          nicolae_figureground_pulse
D:2:      layout_loops_ring, basic_altar, serial_shops,
          nicolae_shop_tiny_real_fake_doors
D:3:      layout_loops_ring
D:4:      layout_loops_ring, minmay_temple_entry_grid, minmay_misc_feat_iff
D:5:      layout_basic
D:6:      layout_basic
D:7:      layout_rooms, uniq_maggie
D:8:      wander_guarded_unrand_ratskin, layout_basic, dpeg_oklobed_lair,
          minmay_fountain_box, uniq_amaemon
Temple:   mainiacjoe_temple_trianglar_array

Skill      XL: |  1  2  3  4  5  6  7  8  9 10 |
---------------+-------------------------------+-----
Dodging        | 2 3 |  3.0
Armour         | 1 2 3 4 5 |  5.0
Fighting       | 1 2 3 4 5 |  5.0
Stealth        | 3 |  3.0
Conjurations   | 4 5 6 |  6.0
Spellcasting   | 3 4 5 6 |  6.2
Earth Magic    | 1 2 3 4 6 |  6.6
Poison Magic   | 2 3 5 |  5.0
Air Magic      | 1 2 3 |  3.0
Necromancy     | |  0.4

Action                     |  1- 3 |  4- 6 |  7- 9 | 10-12 || total
---------------------------+-------+-------+-------+-------++-------
  Melee: Dagger            |    22 |     4 |       |       ||    26
         Hand axe          |       |       |    27 |       ||    27
   Fire: Sling             |       |    13 |       |       ||    13
         Shortbow          |       |       |    20 |       ||    20
   Cast: Magic Dart        |    47 |    30 |     2 |     2 ||    81
         Searing Ray       |     5 |    17 |    29 |     3 ||    54
         Stone Arrow       |       |     1 |    26 |    11 ||    38
    Use: Potion            |       |     1 |       |     2 ||     3
   Stab: Sleeping          |     1 |     1 |       |       ||     2
 Armour: Robe              |    14 |     1 |       |       ||    15
         Leather armour    |       |       |    13 |       ||    13
         Skin              |       |       |       |     3 ||     3
  Dodge: Dodged            |    18 |    12 |    52 |    14 ||    96
  Block: Other             |     2 |     4 |    15 |       ||    21
